 Dungeon Crawl Stone Soup version 0.17.0-28-g6e173f8 (console) character file.

12079 gw the Severer (level 11, -1/151 HPs)
             Began as a Hill Orc Berserker on Nov 22, 2015.
             Was a High Priest of Trog.
             Slain by a 17-headed hydra (2 damage)
             ... on level 1 of the Lair of Beasts.
             The game lasted 00:15:32 (14911 turns).

gw the Severer (Hill Orc Berserker)                Turns: 14911, Time: 00:15:32

Health: -1/151     AC: 23    Str: 26    XL:     11   Next: 87%
Magic:  11/11      EV:  8    Int:  7    God:    Trog [*****.]
Gold:   532        SH:  0    Dex: 13    Spells: 0 memorised, 10 levels left

rFire  + . .     SeeInvis .     b - +0 battleaxe (curse)
rCold  . . .     Clarity  .     m - +0 plate armour (curse)
rNeg   . . .     SustAt   .     (shield currently unavailable)
rPois  .         Gourm    .     (helmet restricted)
rElec  .         Spirit   .     k - +1 cloak
rCorr  .         Warding  .     B - +0 pair of gloves
rMut   +         Stasis   .     j - +1 pair of boots
MR     .....                    e - amulet of resist mutation
Stlth  ..........               v - ring of protection from fire
                                C - +3 ring of protection

@: berserking (expiring), very quick, not resistant to hostile enchantments,
extremely unstealthy
A: antennae 1
a: Berserk, Trog's Hand, Brothers in Arms, Burn Spellbooks, Renounce Religion


You were on level 1 of the Lair of Beasts.
You worshipped Trog.
Trog was extremely pleased with you.
You were hungry.

You visited 2 branches of the dungeon, and saw 12 of its levels.
You also visited: Ossuary.

You collected 532 gold pieces.

Inventory:

Hand Weapons
 b - a cursed +0 battleaxe (weapon)
Missiles
 d - 12 needles of frenzy
 f - 27 tomahawks
 h - 72 poisoned needles
 i - 223 stones
 p - 14 curare-tipped needles
 y - 2 javelins (quivered)
 G - 6 needles of sleeping
 I - a poisoned javelin
Armour
 j - a +1 pair of boots (worn)
 k - a +1 cloak (worn)
 m - a cursed +0 plate armour (worn)
 B - a +0 pair of gloves (worn)
Jewellery
 e - an amulet of resist mutation (around neck)
 v - a ring of protection from fire (right hand)
 C - a +3 ring of protection (left hand)
Wands
 n - a wand of confusion (28)
 u - a wand of draining (8)
 x - a wand of disintegration (17)
Scrolls
 a - a scroll of remove curse
 r - a scroll of recharging
 t - 9 scrolls of identify
 z - 2 scrolls of teleportation
 F - a scroll of blinking
Potions
 g - 2 potions of flight
 l - a potion of haste
 q - 4 potions of curing
 s - 2 potions of might
 E - 2 potions of resistance
 H - a potion of heal wounds {unknown}
 J - a potion of cure mutation {unknown}
Books
 D - a book of Annihilations

   Spells                             Type                      Level
   a - Poison Arrow                   Conjuration/Poison           6
   b - Chain Lightning                Conjuration/Air              8
   c - Lehudib's Crystal Spear        Conjuration/Earth            8
   d - Glaciate                       Conjuration/Ice              9
   e - Fire Storm                     Conjuration/Fire             9
   Trog disapproves of the use of such an item.
Comestibles
 c - 8 bread rations
 o - 6 meat rations
 w - 7 beef jerkies


   Skills:
 + Level 10.7 Fighting
 * Level 15.0 Axes
 + Level 7.3 Throwing
 + Level 9.5 Armour
 - Level 1.5 Dodging


You had 10 spell levels left.
You didn't know any spells.

Dungeon Overview and Level Annotations

Branches:
Dungeon (11/15)              Lair (1/8) D:9
 Temple: D:4-7          Orc: D:9-12

Altars:
Ashenzari
Dithmenos
Fedhas
Gozag
Kikubaaqudgha
Makhleb
Nemelex Xobeh
Qazlal
Sif Muna
Vehumet
Xom
Yredelemnul
Zin
The Shining One

Shops:
D:6 *   D:8 [   D:11 =

Portals:
Trove: D:11 (give +5 demon blade)


Innate Abilities, Weirdness & Mutations

You have a pair of small antennae on your head.


Message History

The 16-headed hydra bites you. The 16-headed hydra misses you.
The 16-headed hydra bites you but does no damage. x3
The 16-headed hydra bites you.
ATTACK MOVE TO (1,1)
You chop one of the 16-headed hydra's heads off!
The 15-headed hydra grows two more!
You slash the 17-headed hydra!
The 17-headed hydra is heavily wounded.
ATTACK MOVE TO (1,1)
You barely miss the 17-headed hydra.
The 17-headed hydra is heavily wounded.
The 17-headed hydra bites you.
The 17-headed hydra completely misses you.
The 17-headed hydra bites you.
The 17-headed hydra bites you but does no damage.
The 17-headed hydra bites you.
The 17-headed hydra bites you but does no damage. x4
The 17-headed hydra closely misses you.
The 17-headed hydra bites you but does no damage. x4
The 17-headed hydra bites you. x2
You die...

.##.# ###....# P
.##.####.#.P..####.#
..................
....######.#.......
### ##.##.##.## #
#.....# ## .#
........#.#####..#.#
........#...........
#........###.o.(.#.
#........#.P.%D#(.#
#....................
#...............((...
................(.(.
...........P....
....###....#P##. ....
#...####


You could see a 17-headed hydra.

Table legend:
 A = Turns spent in this place as a percentage of turns spent in the entire game.
 B = Non-inter-level travel turns spent in this place as a percentage of non-inter-level travel turns spent in the entire game.
 C = Inter-level travel turns spent in this place as a percentage of turns spent in this place.
 D = Turns resting spent in this place as a percentage of non-inter-level travel turns spent in this place.
 E = Turns spent auto-exploring this place as a percentage of non-inter-level travel turns spent in this place.
 F = Non-inter-level travel turns spent in this place divided by the number of levels of this place that you've seen.
                   A       B       C       D       E      F
               +-------+-------+-------+-------+-------+----------------------
         Total | 100.0 | 100.0 |   0.4 |   1.2 |   2.2 | 1698.2
       Dungeon |  90.9 |  90.8 |   0.4 |   1.2 |   2.2 | 1823.1
          Lair |   4.2 |   4.2 |   0.2 |   1.7 |   2.3 | 923.0
       Ossuary |   5.0 |   5.0 |   0.0 |   0.2 |   2.2 | 1099.0
               +-------+-------+-------+-------+-------+----------------------

Table legend:
 A = Kills in this place as a percentage of kills in entire the game.
 B = Kills by you in this place as a percentage of kills by you in the entire game.
 C = Kills by friends in this place as a percentage of kills by friends in the entire game.
 D = Other kills in this place as a percentage of other kills in the entire game.
 E = Experience gained in this place as a percentage of experience gained in the entire game.
 F = Experience gained in this place divided by the number of levels of this place that you have seen.
                   A       B       C       D       E      F
               +-------+-------+-------+-------+-------+----------------------
         Total | 100.0 | 100.0 |  -nan |  -nan | 100.0 | 1327.4
       Dungeon |  89.5 |  89.5 |  -nan |  -nan |  87.6 | 1374.4
          Lair |   4.0 |   4.0 |  -nan |  -nan |  11.9 | 2054.0
       Ossuary |   6.5 |   6.5 |  -nan |  -nan |   0.5 |  84.0
               +-------+-------+-------+-------+-------+----------------------

Vanquished Creatures
  An unseen horror (D:11)
  3 hill giants
  An ugly thing (D:11)
  A centaur zombie (D:11)
  The ghost of sugabear the Covert, a novice VSEn (D:7)
  A komodo dragon (Lair:1)
  A troll (D:11)
  Prince Ribbit (D:7)
  5 blink frogs (Lair:1)
  Sigmund (D:5)
  5 yaks (D:11)
  A wyvern (D:8)
  A wraith (D:9)
  Eustachio (D:4)
  A hippogriff (Lair:1)
  Edmund (D:5)
  2 water moccasins
  4 ice beasts
  2 sky beasts
  A black bear (D:10)
  3 orc warriors
  4 centaurs
  6 ogres
  3 necrophages
  4 phantoms
  2 crocodiles
  An elf zombie (D:9)
  7 giant frogs
  A big kobold (D:10)
  A gnoll sergeant (D:10)
  A water moccasin skeleton (D:8)
  A vampire bat (D:3)
  4 wights
  A wasp zombie (D:11)
  8 hounds
  A giant frog zombie (D:11)
  2 quasits
  4 human zombies (D:9)
  8 orc priests
  2 centaur skeletons
  6 crimson imps
  4 jellies
  5 worker ants
  A giant frog skeleton (D:6)
  13 orc wizards
  An ogre zombie (D:9)
  An ogre skeleton (D:9)
  A hound zombie (D:7)
  A worker ant zombie (D:5)
  6 mummies
  6 gnolls
  6 river rats (Lair:1)
  5 adders
  3 shadow imps
  An ooze (D:1)
  3 adder zombies (Ossuary)
  An adder skeleton (D:7)
  4 worms (D:2)
  5 giant geckos
  49 orcs
  3 bat skeletons (D:3)
  A bat zombie (D:3)
  10 giant cockroaches
  A gnoll zombie (Ossuary)
  9 goblins
  8 hobgoblins
  2 jackals (D:5)
  4 quokkas
  A ball python (D:6)
  5 bats
  A giant cockroach zombie (D:4)
  15 giant newts
  5 goblin zombies (Ossuary)
  2 hobgoblin zombies (Ossuary)
  16 kobolds
  3 kobold zombies (Ossuary)
  2 quokka skeletons (D:6)
  2 quokka zombies (Ossuary)
  10 rats
  2 rat zombies (Ossuary)
323 creatures vanquished.

Vanquished Creatures (others)
  A fire vortex (Lair:1)
  A fungus (Lair:1)
  4 plants (D:11)
6 creatures vanquished.

Grand Total: 329 creatures vanquished

Notes
Turn   | Place    | Note
--------------------------------------------------------------
     0 | D:1      | gw the Hill Orc Berserker began the quest for the Orb.
     0 | D:1      | Reached XP level 1. HP: 19/19 MP: 1/1
   271 | D:1      | Reached XP level 2. HP: 26/26 MP: 2/2
   560 | D:1      | Reached ** piety under Trog
   564 | D:1      | Reached skill level 5 in Axes
   566 | D:1      | Reached XP level 3. HP: 27/31 MP: 3/3
  2047 | D:2      | Reached skill level 1 in Throwing
  2047 | D:2      | Reached XP level 4. HP: 31/40 MP: 4/4
  2146 | D:2      | Found an opulent altar of Gozag.
  2803 | D:2      | Found a deep blue altar of Sif Muna.
  3085 | D:3      | Reached XP level 5. HP: 46/46 MP: 5/5
  3889 | D:3      | Found an ancient bone altar of Kikubaaqudgha.
  3892 | D:3      | Reached skill level 6 in Axes
  4069 | D:3      | Reached *** piety under Trog
  4473 | D:4      | Reached XP level 6. HP: 38/53 MP: 6/6
  4762 | D:4      | Found a radiant altar of Vehumet.
  4762 | D:4      | Found a shadowy altar of Dithmenos.
  4811 | D:4      | Noticed Eustachio
  4818 | D:4      | Killed Eustachio
  5002 | D:4      | Reached skill level 7 in Axes
  5169 | D:5      | Entered Level 5 of the Dungeon
  5179 | D:5      | Noticed Edmund
  5191 | D:5      | Killed Edmund
  5191 | D:5      | Reached skill level 5 in Fighting
  5191 | D:5      | Reached XP level 7. HP: 61/61 MP: 7/7
  5512 | D:5      | Noticed Sigmund
  5519 | D:5      | Reached skill level 8 in Axes
  5530 | D:5      | Killed Sigmund
  5717 | D:5      | Reached XP level 8. HP: 67/70 MP: 8/8
  5783 | D:5      | Found a glowing golden altar of the Shining One.
  5817 | D:5      | Found a sand-covered staircase.
  5826 | Ossuary  | Entered an ossuary
  6086 | Ossuary  | Reached skill level 5 in Armour
  6180 | Ossuary  | Gained mutation: You have a pair of small antennae on your head. [potion of mutation]
  6455 | D:6      | Found Irituexo's General Store.
  6515 | D:6      | Reached skill level 9 in Axes
  7582 | D:6      | Found a glowing silver altar of Zin.
  7669 | D:6      | Reached skill level 10 in Axes
  7980 | D:7      | Reached **** piety under Trog
  7980 | D:7      | Reached XP level 9. HP: 78/78 MP: 9/9
  8013 | D:7      | Noticed sugabear's ghost (novice VSEn)
  8025 | D:7      | Killed sugabear's ghost
  8146 | D:7      | HP: 2/79 [ogre/giant spiked club (15)]
  8372 | D:7      | Reached skill level 11 in Axes
  8464 | D:7      | Found a blossoming altar of Fedhas.
  8506 | D:7      | Found a stormy altar of Qazlal.
  8815 | D:7      | Reached skill level 5 in Throwing
  8937 | D:7      | Found a shimmering altar of Xom.
  9046 | D:7      | Found a deep blue altar of Sif Muna.
  9083 | D:7      | Found a shattered altar of Ashenzari.
  9103 | D:7      | Found a sparkling altar of Nemelex Xobeh.
  9173 | D:7      | Noticed Prince Ribbit
  9332 | D:7      | Killed Prince Ribbit
  9332 | D:7      | Reached XP level 10. HP: 88/88 MP: 10/10
  9486 | D:8      | Found Xariunn's Armour Boutique.
  9654 | D:8      | Reached skill level 12 in Axes
  9700 | D:8      | Received a gift from Trog
 10254 | D:8      | Found a burning altar of Makhleb.
 10882 | D:9      | Found a basalt altar of Yredelemnul.
 10965 | D:9      | Found a staircase to the Lair.
 11204 | D:10     | Entered Level 10 of the Dungeon
 11260 | D:10     | Noticed a hill giant
 11267 | D:10     | Killed a hill giant
 11267 | D:10     | Reached skill level 13 in Axes
 11757 | D:10     | Noticed a hill giant
 11767 | D:10     | Killed a hill giant
 12101 | D:10     | Reached XP level 11. HP: 97/97 MP: 11/11
 12237 | D:10     | Reached ***** piety under Trog
 12580 | D:11     | Killed an unseen horror
 12808 | D:11     | Reached skill level 14 in Axes
 12817 | D:11     | Received a gift from Trog
 12964 | D:11     | Reached skill level 10 in Fighting
 13200 | D:11     | Noticed a hill giant
 13204 | D:11     | Killed a hill giant
 13509 | D:11     | Found Hoischok's Jewellery Shop.
 13916 | D:11     | Found a portal to a secret trove of treasure.
 14304 | Lair:1   | Entered Level 1 of the Lair of Beasts
 14500 | Lair:1   | Reached skill level 15 in Axes
 14887 | Lair:1   | Noticed a four-headed hydra
 14911 | Lair:1   | HP: 5/151 [17-headed hydra (3)]
 14911 | Lair:1   | HP: 1/151 [17-headed hydra (3)]
 14911 | Lair:1   | Slain by a 17-headed hydra

Action                   |  1- 3 |  4- 6 |  7- 9 | 10-12 || total
-------------------------+-------+-------+-------+-------++-------
Melee: Hand axe          |   142 |   179 |   220 |       ||   541
       War axe           |       |       |   146 |   192 ||   338
       Battleaxe         |       |       |       |   168 ||   168
Throw: Stone             |    49 |    68 |   106 |       ||   223
       Tomahawk          |       |    31 |    28 |    19 ||    78
       Javelin           |       |       |    38 |   167 ||   205
Invok: Berserk           |     1 |     4 |     5 |     6 ||    16
       Trog's Hand       |       |       |     3 |     1 ||     4
Evoke: Wand              |       |       |    10 |     8 ||    18
  Use: Scroll            |     2 |     4 |     5 |     3 ||    14
       Potion            |       |     4 |     6 |     1 ||    11
  Eat: Chunk             |     5 |     7 |    12 |    22 ||    46
       Bread ration      |       |     1 |     1 |       ||     2
       Beef jerky        |       |     1 |     1 |     1 ||     3
       Pizza             |       |       |     1 |       ||     1

Vault maps used:
D:1:      sevenhm_arrival_forest_fort_small_5, minmay_lizard_king
D:2:      lemuel_blue_sif_altar, first_bread, grunt_gozag_breadcrumbs
D:3:      kennysheep_vampire_church
D:4:      gammafunk_temple_overflow_statue, serial_glass, glass_columns_c,
          glass_columns_c, glass_columns_b, glass_columns_c, glass_columns_c,
          glass_columns_a, glass_columns_c, glass_columns_b, glass_columns_a,
          glass_columns_b, uniq_eustachio
D:5:      nicolae_overflow_crystal_walls, lemuel_temple_firewalk_marked,
          enter_ossuary_1, guppyfry_early_orc_mine, uniq_edmund, uniq_sigmund
D:6:      serial_shops, nicolae_shop_competitors_out_of_business, basic_altar
D:7:      grunt_temple_overflow_forces_of_nature, ashenzari_altar_1,
          kennysheep_mini, lemuel_doored_altar, basic_altar, grunt_ogre_cave,
          uniq_prince_ribbit1
D:8:      lemuel_coloured_pillars_altar, serial_shops, nicolae_shop_stone,
          serial_park_tiny_1
D:9:      lair_0_dummy, lemuel_mausoleum_altar_yredelemnul
D:11:     trove_entry_hex_spiral, serial_shops, nicolae_shop_window_shopping,
          serial_undead, serial_undead_e, serial_undead_f, serial_undead_b,
          serial_undead_d
Ossuary:  ossuary_minmay_chase
